 Dungeon Crawl Stone Soup version 0.26.1-2-gb8aa6d0cf2 (webtiles) character file.

Game seed: 6700135557113014258

174 DearestLeader the Sneak (level 5, 0/24 HPs)
             Began as a Spriggan Enchanter on Mar 16, 2021.
             Slain by an orc
             ... wielding a +0 dagger
              (4 damage)
             ... on level 3 of the Dungeon.
             The game lasted 00:08:00 (2908 turns).

DearestLeader the Sneak (Spriggan Enchanter)        Turns: 2908, Time: 00:08:01

Health: 0/24       AC:  3    Str:  4    XL:     5   Next: 28%
Magic:  1/10       EV: 18    Int: 17    God:
Gold:   123        SH:  0    Dex: 17    Spells: 3/9 levels left

rFire    + . .     SeeInvis +   a - +1 dagger
rCold    . . .     Faith    .   (shield restricted)
rNeg     . . .     Spirit   .   b - +1 robe
rPois    .         Reflect  .   (helmet restricted)
rElec    .         Harm     .   (no cloak)
rCorr    .         Rampage  .   (gloves unavailable)
Will     .....                  (boots unavailable)
Stlth    ++++......             (no amulet)
HPRegen  0.08/turn              j - ring of protection from fire
MPRegen  0.12/turn              f - ring of stealth

@: brilliant, very quick
A: very small, unfitting armour, see invisible, speed 3
a: no special abilities


You were on level 3 of the Dungeon.
You visited 1 branch of the dungeon, and saw 3 of its levels.

You collected 123 gold pieces.

Inventory:

Hand Weapons
 a - a +1 dagger (weapon)
 e - a +0 hunting sling
Armour
 b - a +1 robe (worn)
Jewellery
 c - an uncursed ring of flight
 f - a ring of stealth (right hand)
 j - a ring of protection from fire (left hand)
Scrolls
 g - 3 scrolls of remove curse
 k - 2 scrolls of magic mapping
 l - a scroll of random uselessness
Potions
 d - a potion of magic
 h - 3 potions of lignification
 m - a potion of haste
 o - a potion of curing {unknown}


   Skills:
 - Level 1.1 Short Blades
 - Level 3.0 Dodging
 + Level 6.4 Stealth
 - Level 2.6 Spellcasting
 * Level 6.3 Hexes


You had 3 spell levels left.
You knew the following spells:

 Your Spells              Type           Power        Failure   Level
a - Corona                Hex            38%          1%          1
b - Ensorcelled Hibernat  Hex/Ice        38%          8%          2
c - Tukima's Dance        Hex            35%          4%          3

Your spell library contained the following spells:

 Spells                   Type           Power        Failure   Level
 Confusing Touch          Hex            35%          4%          3
 Dazzling Flash           Conj/Hex       38%          14%         3


Dungeon Overview and Level Annotations

Branches:
Dungeon (3/15)

Altars:
Ru


Innate Abilities, Weirdness & Mutations

You are very small and have problems with some larger weapons.
You are too small for most types of armour.
You have supernaturally acute eyesight. (SInv)
You cover ground extremely quickly.


Message History

You see here 2 stones.
You barely miss the orc.
The orc is lightly wounded.
The orc hits you but does no damage.
Casting: Corona (safe; 1% risk of failure)
Confirm with . or Enter, or press ? or * to list all spells.
Aiming: Corona (safe; 1% risk of failure)
Press: ? - help, Shift-Dir - straight line, f - orc
Aim: an orc, wielding a +0 dagger and wearing a +0 leather armour (lightly wounded, chance to affect: 78%)
The orc barely resists.
The orc wizard casts a spell at itself.
The orc wizard flickers and vanishes for a moment.
The orc closely misses you.
As you read the scroll labelled YTZYFY EMUNK, it crumbles to dust.
It is a scroll of enchant armour.
Your +0 robe glows green for a moment.
The orc completely misses you.
It was a potion of brilliance.
You feel clever all of a sudden. The orc hits you with a +0 dagger.
You die...

........# #
#.#### ........#
.#.#.#.#.8##
<.(######
......)....#
...#
.......w...#
...#
.#.#.#.#.8.#
...# # #.#8#w#
...#
##############.#
...#
#........####..#
...#
#...†.o.oo@(w.##
..(#
#.#....########
.[K####.#.####
.##.o.o.#.# ?
#.#####.# . #.#
#.# . ..# ...
##### #.#


You could see a worm (corona), an orc wizard (invisible) and 2 orcs.

Vanquished Creatures
  Ijyb (D:3)
  An orc wizard (D:3)
  4 adders
  3 oozes
  A worm (D:2)
  3 dart slugs
  3 leopard geckos (D:2)
  2 orcs (D:3)
  A ball python (D:1)
  3 giant cockroaches
  5 goblins
  7 hobgoblins
  2 quokkas (D:2)
  7 bats
  11 frilled lizards
  5 kobolds
  6 rats
65 creatures vanquished.

Vanquished Creatures (others)
  16 plants (D:2)
16 creatures vanquished.

Grand Total: 81 creatures vanquished

Notes
Turn   | Place    | Note
-------+----------+-------------------------------------------
     0 | D:1      | DearestLeader the Spriggan Enchanter began the quest for
                  | the Orb.
     0 | D:1      | Reached XP level 1. HP: 9/9 MP: 5/5
   276 | D:1      | Reached XP level 2. HP: 11/13 MP: 0/6
   282 | D:1      | Learned a level 2 spell: Ensorcelled Hibernation
   414 | D:1      | Reached skill level 5 in Stealth
   781 | D:1      | Reached XP level 3. HP: 16/16 MP: 5/8
  1494 | D:2      | Reached skill level 5 in Hexes
  1802 | D:2      | Reached XP level 4. HP: 21/21 MP: 4/9
  1914 | D:2      | Learned a level 3 spell: Tukima's Dance
  2674 | D:3      | Found a sacrificial altar of Ru.
  2794 | D:3      | Noticed Ijyb
  2813 | D:3      | Killed Ijyb
  2814 | D:3      | Reached XP level 5. HP: 12/24 MP: 3/10
  2908 | D:3      | Slain by an orc

Illustrated notes

Levels and vault maps discovered:
D:1:      dpeg_arrival_castle, layout_basic, minmay_lizard_pond
D:2:      layout_basic, serial_bayou_lake_a
D:3:      layout_basic, nicolae_dithmenos_shadow_blocks, minitemple,
          nicolae_ru_great_annihilating_truth, uniq_ijyb

Skill      XL: |  1  2  3  4 |
---------------+-------------+-----
Hexes          | 4 5 6 |  6.3
Stealth        | 5 6 |  6.4
Short Blades   | |  1.1
Dodging        | |  3.0
Spellcasting   | |  2.6

Action                   |  1- 3 |  4- 6 || total
-------------------------+-------+-------++-------
Melee: Dagger            |   115 |    61 ||   176
 Cast: Corona            |    19 |     6 ||    25
       Ensorcelled Hiber |    17 |    17 ||    34
  Use: Scroll            |       |     6 ||     6
       Potion            |       |     2 ||     2
 Stab: Sleeping          |    20 |    17 ||    37
Armor: Robe              |    23 |     5 ||    28
Dodge: Dodged            |   144 |    52 ||   196
